 Dungeon Crawl Stone Soup version 0.27.1-1-g398f81649c (webtiles) character file.

Game seed: 8005621022454134222

886 acemry the Sneak (level 8, 0/48 HPs)
             Began as an Octopode Transmuter on Sept 9, 2021.
             Slain by a phantom (8 damage)
             ... on level 4 of the Dungeon.
             The game lasted 00:15:21 (5767 turns).

acemry the Sneak (Octopode Transmuter)              Turns: 5767, Time: 00:15:22

Health: 0/48       AC:  2    Str:  9    XL:     8   Next: 5%
Magic:  8/11       EV: 19    Int: 17    God:
Gold:   347        SH:  0    Dex: 18    Spells: 1/11 levels left

rFire    . . .     SeeInvis .     - Unarmed
rCold    . . .     Faith    .   (shield currently unavailable)
rNeg     . . .     Spirit   .   (helmet currently unavailable)
rPois    .         Reflect  .   (no amulet)
rElec    .         Harm     .   c - ring of poison resistance
rCorr    .         Rampage  .   (no ring)
Will     .....                  (no ring)
Stlth    ++++......             (no ring)
HPRegen  0.16/turn              (no ring)
MPRegen  0.12/turn              (no ring)
                                (no ring)
                                (no ring)

@: spider-form
A: venomous fangs, almost no armour, (amphibious), 8 rings, tiny, (camouflage
1), (gelatinous body 1), (nimble swimmer 1), (tentacles)
a: End Transformation


You were on level 4 of the Dungeon.
You were a venomous arachnid creature.
You visited 1 branch of the dungeon, and saw 4 of its levels.

You collected 1147 gold pieces.
You spent 800 gold pieces at shops.

Inventory:

Hand Weapons
 a - a +1 vampiric dagger (melded)
 f - a +0 dagger
 g - a +0 rapier
Missiles
 h - 6 poisoned darts
Magical Staves
 b - a staff of poison
Jewellery
 c - a ring of poison resistance (left front leg)
Wands
 m - a wand of iceblast (6)
Scrolls
 l - a scroll of teleportation
 n - a scroll of magic mapping
 p - a scroll of identify
 q - a scroll of fear {unknown}
Potions
 i - 2 potions of haste {unknown}
 j - a potion of flight {unknown}
 k - a potion of invisibility {unknown}


   Skills:
 - Level 1.0 Fighting
 - Level 0.3 Staves
 - Level 2.0 Dodging
 - Level 7.9 Stealth
 - Level 3.0 Unarmed Combat
 - Level 2.0 Spellcasting
 + Level 5.6 Transmutations
 * Level 2.2 Earth Magic
 + Level 3.6 Poison Magic


You had one spell level left.
You knew the following spells:

 Your Spells              Type           Power      Damage    Failure   Level
a - Beastly Appendage     Tmut           40%        N/A       8%          1
b - Spider Form           Tmut/Pois      8%         N/A       22%         3
c - Statue Form           Tmut/Erth      10%        N/A       100%        6

Your spell library contained the following spells:

 Spells                   Type           Power      Damage    Failure   Level
 Foxfire                  Conj/Fire      4%         2x1d4     38%         1
 Wereblood                Tmut           20%        N/A       11%         2
 Conjure Flame            Conj/Fire      1%         6-21      71%         3
 Inner Flame              Hex/Fire       1%         N/A       71%         3
 Swiftness                Air            1%         N/A       71%         3
 Ice Form                 Ice/Tmut       11%        N/A       73%         4
 Cause Fear               Hex            0%         N/A       96%         4
 Summon Ice Beast         Ice/Summ       1%         N/A       96%         4
 Silence                  Hex/Air        0%         N/A       100%        5
 Summon Mana Viper        Hex/Summ       1%         N/A       100%        5
 Dragon Form              Tmut           10%        N/A       100%        7
 Monstrous Menagerie      Summ           0%         N/A       100%        7
 Dragon's Call            Summ           0%         N/A       100%        9


Dungeon Overview and Level Annotations

Branches:
Dungeon (4/15)             Temple (0/1) D:4

Altars:
Makhleb
Okawaru
Vehumet
Xom

Shops:
D:3 :


Innate Abilities, Weirdness & Mutations

You are a venomous arachnid creature.
You have poisonous fangs.
You are tiny and dextrous.
Your spellcasting is less reliable in this form.
Your armour is entirely melded.
You are incapable of wielding weapons or throwing items.
You cannot wear most types of armour.
((You are amphibious.))
You can wear up to eight rings at the same time.
((Your skin changes colour to match your surroundings (Stealth+).))
((Your rubbery body absorbs attacks. (AC +1, EV +1)))
((You are camouflaged near water. (Stealth+)))
((You have tentacles for arms and can constrict up to eight enemies at once.))


Message History

You are too injured to fight recklessly!
You are too injured to fight recklessly!
You hit the phantom but do no damage.
The phantom is almost destroyed.
The phantom hits you.
You completely miss the phantom. Your squeeze misses the phantom.
The phantom is almost destroyed.
The phantom hits you!
* * * LOW HITPOINT WARNING * * *
You closely miss the phantom.
The phantom is severely damaged.
The phantom misses you.
You are too injured to fight recklessly!
Casting: Spider Form (dangerous; 9% risk of failure)
Confirm with . or Enter, or press ? or * to list all spells.
You turn into a venomous arachnid creature.
Your +1 vampiric dagger melds into your body.
You feel the dreadful sensation subside.
The phantom hits you!
* * * LOW HITPOINT WARNING * * *
You feel better. The phantom hits you.
* * * LOW HITPOINT WARNING * * *
The phantom blinks!
You blink.
You feel better. The phantom hits you.
* * * LOW HITPOINT WARNING * * *
You barely miss the phantom.
The phantom is severely damaged.
You hit the phantom.
The phantom is almost destroyed.
The phantom misses you.
You closely miss the phantom.
The phantom is almost destroyed.
The phantom hits you!
* * * LOW HITPOINT WARNING * * *
The phantom blinks!
You blink.
The phantom completely misses you.
You barely miss the phantom.
The phantom is almost destroyed.
The phantom hits you!
You die...

.##.###.##.###,,,,,,,,*,,,*,,,,,,
........##...#*******,**,**,*,,,,
....######.#.# *,,...,,,,**,
.#### #...# ***#.#*,,,,,, .#
#.#.# #.#******* .### #...# #.#
...# #.#÷# #.# .#.# #...##### #.#
* ##.# #.###.Ws# ### #.# ** ##.#
###...###.###.###.#######. ...#
##.#.#.#..§.....##......... #..#
#..#...###.###.###..######. #..#
#..'.#[# #.# #......## ** #..#
#..#...#*#.#*##......# * ...#
##.#.#.#,.....#.#...## #.##
###...######.......# #.#
#.######*#..#.#..#


You could see a phantom.

Vanquished Creatures
  The ghost of ZARRMARR the Cutter, an amateur OpBr (D:3)
  Sigmund (D:3)
  A phantom (D:4)
  Blork the orc (D:4)
  A hound (D:4)
  2 orc priests (D:4)
  3 iron imps (D:3)
  2 orc wizards (D:4)
  7 adders
  A white imp (D:4)
  2 adder skeletons (D:4)
  A worm (D:2)
  4 dart slugs
  5 orcs (D:4)
  7 endoplasms
  6 giant cockroaches
  14 goblins
  13 hobgoblins
  5 quokkas
  8 ball pythons
  5 bats
  3 frilled lizards
  5 kobolds
  6 rats
104 creatures vanquished.

Notes
Turn   | Place    | Note
-------+----------+-------------------------------------------
     0 | D:1      | acemry the Octopode Transmuter began the quest for the Orb.
     0 | D:1      | Reached XP level 1. HP: 13/13 MP: 3/3
    76 | D:1      | Reached skill level 1 in Stealth
   208 | D:1      | Reached XP level 2. HP: 18/18 MP: 3/5
   289 | D:1      | Reached skill level 2 in Stealth
   604 | D:1      | Found a faded altar of an unknown god.
  1273 | D:2      | Reached XP level 3. HP: 10/23 MP: 4/6
  1452 | D:2      | Learned a level 3 spell: Spider Form
  1513 | D:2      | Found a radiant altar of Vehumet.
  1997 | D:2      | Reached skill level 3 in Stealth
  2118 | D:2      | Reached skill level 1 in Poison Magic
  2489 | D:3      | Noticed Sigmund
  2502 | D:3      | Killed Sigmund
  2503 | D:3      | Reached skill level 5 in Stealth
  2503 | D:3      | Reached XP level 4. HP: 11/28 MP: 5/7
  2503 | D:3      | Reached XP level 5. HP: 13/33 MP: 5/8
  2699 | D:3      | Reached XP level 6. HP: 38/38 MP: 7/9
  2712 | D:3      | Found a shimmering altar of Xom.
  2778 | D:3      | Found a runed translucent door.
  2779 | D:3      | Noticed ZARRMARR's ghost (amateur OpBr)
  2921 | D:3      | Reached skill level 6 in Stealth
  3132 | D:3      | Found a burning altar of Makhleb.
  3730 | D:3      | Found Qagyps's Book Shoppe.
  3831 | D:3      | Killed ZARRMARR's ghost
  3832 | D:3      | Reached skill level 7 in Stealth
  3832 | D:3      | Reached XP level 7. HP: 17/43 MP: 10/10
  4267 | D:4      | Identified a scroll of acquirement
  4267 | D:4      | Acquired 893 gold pieces
  4361 | D:3      | Bought the Volume of Earthen Weightlessness for 340 gold
                  | pieces
  4361 | D:3      | Bought a book of the Dragon for 460 gold pieces
  4368 | D:3      | Learned a level 6 spell: Statue Form
  4438 | D:4      | Found an iron altar of Okawaru.
  4520 | D:4      | Noticed Blork the orc
  4561 | D:4      | Killed Blork the orc
  4681 | D:4      | Reached skill level 1 in Earth Magic
  4702 | D:4      | Reached skill level 5 in Transmutations
  5041 | D:4      | Found a staircase to the Ecumenical Temple.
  5315 | D:4      | Reached XP level 8. HP: 17/48 MP: 9/11
  5767 | D:4      | Slain by a phantom

Illustrated notes

Levels and vault maps discovered:
D:1:      matt_arrival_refuge, layout_loops_corners,
          shapermc_ecumenical_altar_acropolis, minmay_indecisive_spiral
D:2:      minmay_angry_zag, layout_basic, basic_altar
D:3:      cheibrodos_greedy_goblins, layout_basic, demons_altar,
          mainiacjoe_overflow_catwalk, ebering_ghost_reflecting_pool,
          serial_shops, shop, uniq_sigmund
D:4:      layout_loops_corners, trog_butcher_becter,
          mainiacjoe_overflow_alcove_2, minmay_temple_entry_sparse_star,
          hangedman_minor_gate_pass, uniq_blork_the_orc

Skill      XL: |  1  2  3  4  5  6  7 |
---------------+----------------------+-----
Stealth        | 1 2 5 7 |  7.9
Poison Magic   | 2 3 |  3.6
Transmutations | 3 4 5 |  5.6
Earth Magic    | 2 |  2.2
Fighting       | |  1.0
Staves         | |  0.3
Dodging        | |  2.0
Unarmed Combat | |  3.0
Spellcasting   | |  2.0

Action                   |  1- 3 |  4- 6 |  7- 9 || total
-------------------------+-------+-------+-------++-------
Melee: Dagger            |    64 |    95 |    14 ||   173
       Kick              |    18 |    22 |     2 ||    42
       Unarmed           |     2 |       |   120 ||   122
       Constrict         |    21 |    19 |     1 ||    41
       Tentacles         |    14 |    18 |     1 ||    33
       Staff             |    26 |       |       ||    26
       Punch             |     1 |     1 |       ||     2
 Cast: Beastly Appendage |    28 |    17 |     6 ||    51
       Spider Form       |       |       |    16 ||    16
  Use: Scroll            |     4 |       |     3 ||     7
       Potion            |       |       |     6 ||     6
 Stab: Sleeping          |    10 |     5 |     9 ||    24
Armor: Skin              |     8 |     3 |     4 ||    15
Dodge: Dodged            |    54 |    49 |    81 ||   184
